[Event "ROU-chT Women Superliga 2018"]
[Site "Sovata"]
[Date "2018.11.25"]
[Round "1"]
[White "L'Ami, Alina"]
[Black "Cosman, Andreea-Marioara"]
[Result "1-0"]
[ECO "A67"]
[WhiteElo "2285"]
[BlackElo "2176"]
[Annotator "NA"]
[PlyCount "57"]
[EventDate "2018.11.24"]
[EventType "team-tourn"]
[EventCountry "ROU"]
[SourceTitle "playchess.com"]
[Source "ChessBase"]
[SourceQuality "1"]
[TimeControl "40/5400+30:1800+30"]

1. d4 Nf6 2. c4 c5 3. d5 e6 4. Nc3 exd5 5. cxd5 d6 6. e4 g6 7. f4 Bg7 8. Bb5+ Nfd7 9. Nf3 a6 10. Bd3 b5 11. O-O O-O 12. Kh1 Re8 13. f5 Ra7 14. Bg5 Bf6 15. h4 Bxg5 16. hxg5 Ne5 17. Nxe5 Rxe5 18. Qd2 Nd7 19. Qf4 b4 20. Ne2 Nb6 21. Rae1 Qe7 22. Qh4 Bd7 23. Nf4 c4 24. Bb1 Rc7 25. g4 Rc5 26. Re2 Qf8 27. Rh2 h6 28. gxh6 Kh7 29. Nxg6 1-0

[Event "ROU-chT Women Superliga 2018"]
[Site "Sovata"]
[Date "2018.11.25"]
[Round "1"]
[White "Dragomirescu, Angela"]
[Black "Visanescu, Daria-Ioana"]
[Result "1-0"]
[ECO "A06"]
[WhiteElo "2275"]
[BlackElo "2096"]
[Annotator "NA"]
[PlyCount "89"]
[EventDate "2018.11.24"]
[EventType "team-tourn"]
[EventCountry "ROU"]
[SourceTitle "playchess.com"]
[Source "ChessBase"]
[SourceQuality "1"]
[TimeControl "40/5400+30:1800+30"]

1. Nf3 d5 2. c4 e6 3. b3 Nf6 4. Bb2 b6 5. g3 Bb7 6. Bg2 Nbd7 7. O-O Be7 8. cxd5 Bxd5 9. Nc3 Bb7 10. Rc1 c5 11. Qc2 a6 12. Rfd1 Qc7 13. d4 Rc8 14. Qb1 Qb8 15. dxc5 Nxc5 16. b4 Ncd7 17. Na4 Bc6 18. Rxc6 Rxc6 19. Ne5 Rd6 20. Rc1 O-O 21. Nc4 Rd5 22. Bxf6 Nxf6 23. Bxd5 Nxd5 24. e4 Nxb4 25. Ncxb6 Rd8 26. Rc3 Qb7 27. Rb3 Rd4 28. a3 Nc6 29. Nd5 Qd7 30. Rb7 Qe8 31. Nxe7+ Nxe7 32. Nc5 Nc6 33. Qb6 e5 34. Kg2 h5 35. h4 Kh7 36. Qxa6 Ne7 37. Qb5 Qd8 38. Qb6 Qe8 39. Qc7 Nc6 40. Qxf7 Qxf7 41. Rxf7 Rc4 42. Ne6 Kg6 43. Rc7 Kf6 44. Nxg7 Rxe4 45. Ne8+ 1-0

[Event "ROU-chT Women Superliga 2018"]
[Site "Sovata"]
[Date "2018.11.25"]
[Round "1"]
[White "Sgircea, Silvia-Raluca"]
[Black "Bulmaga, Irina"]
[Result "1-0"]
[ECO "A15"]
[WhiteElo "2259"]
[BlackElo "2386"]
[Annotator "NA"]
[PlyCount "107"]
[EventDate "2018.11.24"]
[EventType "team-tourn"]
[EventCountry "ROU"]
[SourceTitle "playchess.com"]
[Source "ChessBase"]
[SourceQuality "1"]
[TimeControl "40/5400+30:1800+30"]

1. c4 Nf6 2. Nf3 e6 3. Nc3 d5 4. e3 b6 5. b3 Bb7 6. Bb2 a6 7. d4 Bd6 8. Bd3 Nbd7 9. Qc2 O-O 10. O-O dxc4 11. bxc4 Bxf3 12. gxf3 c5 13. d5 exd5 14. cxd5 b5 15. Ne4 Nxe4 16. fxe4 c4 17. Be2 Qe7 18. f4 f6 19. Bd4 Nc5 20. Bf3 Rae8 21. Bxc5 Bxc5 22. Rae1 Qa7 23. Bg4 f5 24. Bxf5 Rxf5 25. exf5 Rxe3 26. Kh1 Qe7 27. Rxe3 Qxe3 28. Qg2 Qe7 29. f6 Qxf6 30. Qe4 Qe7 31. Qxe7 Bxe7 32. Kg2 a5 33. Re1 Kf7 34. Re6 b4 35. Rb6 a4 36. d6 Bxd6 37. Rxd6 a3 38. Rd4 b3 39. Rxc4 b2 40. Rb4 Kg6 41. Rb5 Kf6 42. Kf3 h6 43. Ke4 Ke6 44. Rb6+ Kd7 45. Kf5 Kc7 46. Rb3 Kd6 47. h4 Kd5 48. h5 Kd4 49. Kg6 Ke4 50. Kxg7 Kf5 51. Kxh6 Kf6 52. Kh7 Kf7 53. h6 Kf6 54. Kg8 1-0

[Event "ROU-chT Women Superliga 2018"]
[Site "Sovata"]
[Date "2018.11.25"]
[Round "1"]
[White "Ionica, Iulia-Ionela"]
[Black "Cosma, Elena-Luminita"]
[Result "1/2-1/2"]
[ECO "C01"]
[WhiteElo "2139"]
[BlackElo "2338"]
[Annotator "NA"]
[PlyCount "84"]
[EventDate "2018.11.24"]
[EventType "team-tourn"]
[EventCountry "ROU"]
[SourceTitle "playchess.com"]
[Source "ChessBase"]
[SourceQuality "1"]
[TimeControl "40/5400+30:1800+30"]

1. e4 e6 2. d4 d5 3. exd5 exd5 4. Nf3 Nc6 5. h3 Nf6 6. Be2 Bd6 7. O-O O-O 8. c4 dxc4 9. Bxc4 Bf5 10. Bg5 h6 11. Be3 a6 12. Nc3 Qd7 13. Re1 Rae8 14. a3 Re7 15. Bd3 Rd8 16. Bxf5 Qxf5 17. Qb3 b5 18. Rac1 Na5 19. Qc2 Qxc2 20. Rxc2 Rde8 21. Rd1 Nc4 22. Bc1 Nb6 23. Kf1 Ne4 24. Re1 Nxc3 25. Rxe7 Rxe7 26. Rxc3 f6 27. Re3 Kf7 28. Rxe7+ Kxe7 29. Ke2 Nd5 30. g3 Ke6 31. Kd3 g5 32. Nd2 h5 33. Ne4 g4 34. hxg4 hxg4 35. Nxd6 Kxd6 36. Ke4 Ke6 37. Bd2 c6 38. Ba5 f5+ 39. Kd3 Ne7 40. b3 Nd5 41. Bd2 Nf6 42. Ke3 Nd5+ 1/2-1/2

[Event "ROU-chT Women Superliga 2018"]
[Site "Sovata"]
[Date "2018.11.25"]
[Round "1"]
[White "Marin, Irina-Luiza"]
[Black "Yugina, Maria"]
[Result "1/2-1/2"]
[ECO "A10"]
[WhiteElo "2032"]
[BlackElo "2129"]
[Annotator "NA"]
[PlyCount "97"]
[EventDate "2018.11.24"]
[EventType "team-tourn"]
[EventCountry "ROU"]
[SourceTitle "playchess.com"]
[Source "ChessBase"]
[SourceQuality "1"]
[TimeControl "40/5400+30:1800+30"]

1. c4 b6 2. g3 Bb7 3. Nf3 e6 4. Bg2 f5 5. O-O Nf6 6. d3 Be7 7. Nc3 O-O 8. Re1 Nc6 9. Nd4 Na5 10. Bf4 Bxg2 11. Kxg2 Nh5 12. Bd2 Nf6 13. Rc1 Bc5 14. Nf3 Nc6 15. Bf4 Bb4 16. e4 Bxc3 17. Rxc3 d6 18. e5 dxe5 19. Nxe5 Nd4 20. Nf3 Nxf3 21. Qxf3 Re8 22. Qc6 Nh5 23. Qxc7 Nxf4+ 24. Qxf4 Qd7 25. Re3 Rad8 26. Rc2 Qc6+ 27. Qf3 Rd6 28. Qxc6 Rxc6 29. d4 Rd8 30. Rd3 Rcd6 31. Rcd2 a5 32. b3 Kf7 33. f4 h6 34. h4 g6 35. Kf3 Kf6 36. Ke3 g5 37. hxg5+ hxg5 38. a3 gxf4+ 39. Kxf4 Rg8 40. b4 axb4 41. axb4 Rg4+ 42. Kf3 Ke7 43. b5 Rd8 44. Ke2 Rc8 45. Rc3 Rd8 46. c5 Re4+ 47. Kf3 bxc5 48. Rxc5 Rexd4 49. Rxd4 1/2-1/2

[Event "ROU-chT Women Superliga 2018"]
[Site "Sovata"]
[Date "2018.11.25"]
[Round "1"]
[White "Rendi, Eva"]
[Black "Didiliuc, Dariana-Gabriela"]
[Result "1-0"]
[ECO "C15"]
[WhiteElo "2015"]
[BlackElo "1784"]
[Annotator "NA"]
[PlyCount "109"]
[EventDate "2018.11.24"]
[EventType "team-tourn"]
[EventCountry "ROU"]
[SourceTitle "playchess.com"]
[Source "ChessBase"]
[SourceQuality "1"]
[TimeControl "40/5400+30:1800+30"]

1. e4 e6 2. d4 d5 3. Nc3 Bb4 4. exd5 exd5 5. Bd3 Nc6 6. a3 Be7 7. Be3 Be6 8. Nge2 Qd7 9. Nf4 O-O-O 10. Qd2 g6 11. b4 Bf6 12. Nxe6 Qxe6 13. Be2 Nge7 14. b5 Na5 15. Na4 b6 16. Nc5 bxc5 17. Qxa5 cxd4 18. Bf4 Be5 19. b6 axb6 20. Qa6+ Kd7 21. Bxe5 Qxe5 22. O-O Ke6 23. Rae1 Kf6 24. f4 Qd6 25. f5 g5 26. Qd3 c5 27. Qh3 h6 28. Bh5 Nc8 29. Re6+ fxe6 30. fxe6+ Kg7 31. Qf5 Rh7 32. Qf6+ Kg8 33. Bf7+ Kf8 34. Bg6+ Kg8 35. Bxh7+ Kxh7 36. Qf7+ Kh8 37. Rf6 Qf8 38. Qxf8+ Rxf8 39. Rxf8+ Kg7 40. Rxc8 Kf6 41. Rc6 c4 42. Rxb6 d3 43. cxd3 cxd3 44. Kf2 d4 45. Ke1 Ke7 46. Kd2 h5 47. Kxd3 g4 48. Kxd4 h4 49. Ke5 g3 50. Rb7+ Kd8 51. Kd6 Kc8 52. Rc7+ Kd8 53. e7+ Ke8 54. Ke6 gxh2 55. Rc8# 1-0

[Event "ROU-chT Women Superliga 2018"]
[Site "Sovata"]
[Date "2018.11.25"]
[Round "1"]
[White "Bucur, Denisa-Andreea"]
[Black "Baciu, Anca-Otilia"]
[Result "0-1"]
[ECO "E21"]
[WhiteElo "2012"]
[BlackElo "1998"]
[Annotator "NA"]
[PlyCount "54"]
[EventDate "2018.11.24"]
[EventType "team-tourn"]
[EventCountry "ROU"]
[SourceTitle "playchess.com"]
[Source "ChessBase"]
[SourceQuality "1"]
[TimeControl "40/5400+30:1800+30"]

1. d4 Nf6 2. Nf3 e6 3. c4 b6 4. Nc3 Bb7 5. a3 d5 6. cxd5 Nxd5 7. Bd2 Be7 8. Qc2 Nd7 9. e4 Nxc3 10. Bxc3 O-O 11. Bd3 c5 12. Rd1 cxd4 13. Bxd4 Qc8 14. Qb1 Nc5 15. Bc2 Ba6 16. b4 Nd7 17. Ba4 Qc4 18. Qb2 Nc5 19. Ne5 Nxa4 20. Nxc4 Nxb2 21. Nxb2 Rac8 22. Nd3 Bxd3 23. Rxd3 Rc1+ 24. Rd1 Rxd1+ 25. Kxd1 Rd8 26. Ke2 Rxd4 27. Ke3 Rc4 0-1

[Event "ROU-chT Women Superliga 2018"]
[Site "Sovata"]
[Date "2018.11.25"]
[Round "1"]
[White "Ciolacu, Alessia-Mihaela"]
[Black "Anton, Ana-Roxana"]
[Result "1-0"]
[ECO "E11"]
[WhiteElo "1972"]
[BlackElo "1860"]
[Annotator "NA"]
[PlyCount "71"]
[EventDate "2018.11.24"]
[EventType "team-tourn"]
[EventCountry "ROU"]
[SourceTitle "playchess.com"]
[Source "ChessBase"]
[SourceQuality "1"]
[TimeControl "40/5400+30:1800+30"]

1. d4 Nf6 2. Nf3 e6 3. c4 Bb4+ 4. Nbd2 b6 5. a3 Bxd2+ 6. Qxd2 Bb7 7. e3 Ne4 8. Qc2 a5 9. b3 O-O 10. Bb2 d6 11. Be2 Nd7 12. O-O f5 13. d5 e5 14. Nd2 Nxd2 15. Qxd2 f4 16. exf4 Rxf4 17. g3 Rf8 18. Rae1 Bc8 19. f4 Re8 20. Bh5 Re7 21. fxe5 Nxe5 22. Qg5 Bh3 23. Bxe5 dxe5 24. Rf2 g6 25. Bd1 Qd7 26. g4 Rf7 27. Re3 Rxf2 28. Kxf2 Rf8+ 29. Kg3 Bf1 30. Qxe5 b5 31. c5 Qd8 32. Bf3 a4 33. d6 cxd6 34. Bd5+ Rf7 35. Bxf7+ Kxf7 36. Rf3+ 1-0

[Event "ROU-chT Women Superliga 2018"]
[Site "Sovata"]
[Date "2018.11.25"]
[Round "1"]
[White "Stanciu, Andreea-Briana"]
[Black "Aciu, Malina-Andreea"]
[Result "1/2-1/2"]
[ECO "B52"]
[WhiteElo "1953"]
[BlackElo "1976"]
[Annotator "NA"]
[PlyCount "49"]
[EventDate "2018.11.24"]
[EventType "team-tourn"]
[EventCountry "ROU"]
[SourceTitle "playchess.com"]
[Source "ChessBase"]
[SourceQuality "1"]
[TimeControl "40/5400+30:1800+30"]

1. e4 c5 2. Nf3 d6 3. Bb5+ Bd7 4. Bxd7+ Qxd7 5. c3 Nc6 6. O-O Nf6 7. Re1 e6 8. d4 cxd4 9. cxd4 d5 10. e5 Ne4 11. Nbd2 Nxd2 12. Bxd2 Be7 13. Bg5 O-O 14. Bxe7 Nxe7 15. Qd2 Nf5 16. Rac1 Rac8 17. Rxc8 Rxc8 18. Rc1 Rxc1+ 19. Qxc1 Ne7 20. b3 Nc6 21. Qd2 h6 22. h3 Qc7 23. Qc3 Qa5 24. Qxa5 Nxa5 25. Kf1 1/2-1/2

[Event "ROU-chT Women Superliga 2018"]
[Site "Sovata"]
[Date "2018.11.25"]
[Round "1"]
[White "Panainte, Andreea-Bianca"]
[Black "Lehaci, Miruna-Daria"]
[Result "0-1"]
[ECO "B22"]
[WhiteElo "1946"]
[BlackElo "2067"]
[Annotator "NA"]
[PlyCount "56"]
[EventDate "2018.11.24"]
[EventType "team-tourn"]
[EventCountry "ROU"]
[SourceTitle "playchess.com"]
[Source "ChessBase"]
[SourceQuality "1"]
[TimeControl "40/5400+30:1800+30"]

1. e4 c5 2. c3 Nf6 3. e5 Nd5 4. d4 cxd4 5. Bc4 Nb6 6. Bb3 Nc6 7. Nf3 d5 8. exd6 Qxd6 9. cxd4 Be6 10. Be3 Bxb3 11. Qxb3 Qb4+ 12. Nbd2 e6 13. O-O Nd5 14. a3 Qxb3 15. Nxb3 Be7 16. Rac1 O-O 17. Nc5 Nd8 18. Nd7 Re8 19. Nfe5 f6 20. Nd3 b6 21. Nf4 Bd6 22. Nd3 Re7 23. N7c5 bxc5 24. dxc5 Bc7 25. b4 Rb8 26. Rb1 a6 27. Rfc1 Nc6 28. Bd2 e5 0-1

[Event "ROU-chT Women Superliga 2018"]
[Site "Sovata"]
[Date "2018.11.25"]
[Round "1"]
[White "Firaru, Roxana-Maria"]
[Black "Rata, Anamaria"]
[Result "1-0"]
[ECO "B90"]
[WhiteElo "1943"]
[BlackElo "1780"]
[Annotator "NA"]
[PlyCount "63"]
[EventDate "2018.11.24"]
[EventType "team-tourn"]
[EventCountry "ROU"]
[SourceTitle "playchess.com"]
[Source "ChessBase"]
[SourceQuality "1"]
[TimeControl "40/5400+30:1800+30"]

1. e4 c5 2. Nf3 d6 3. d4 cxd4 4. Nxd4 Nf6 5. Nc3 a6 6. Be3 e6 7. f3 b5 8. Qd2 Nbd7 9. g4 Nb6 10. a4 b4 11. Na2 d5 12. g5 Nfd7 13. Nxb4 Ne5 14. b3 Bb7 15. a5 Bc5 16. Be2 dxe4 17. f4 Bxd4 18. Qxd4 Qxd4 19. Bxd4 Nf3+ 20. Bxf3 exf3 21. Bxb6 f2+ 22. Kxf2 Bxh1 23. Rxh1 O-O 24. Rd1 f6 25. gxf6 Rxf6 26. Ke3 Rh6 27. Rd2 Re8 28. Nxa6 e5 29. fxe5 Rxe5+ 30. Kd4 Re7 31. Kc3 Rh3+ 32. Kb2 1-0

[Event "ROU-chT Women Superliga 2018"]
[Site "Sovata"]
[Date "2018.11.25"]
[Round "1"]
[White "Pelin, Ana-Maria"]
[Black "Nastase, Andreea-Cristina"]
[Result "0-1"]
[ECO "D30"]
[WhiteElo "1751"]
[BlackElo "1900"]
[Annotator "NA"]
[PlyCount "148"]
[EventDate "2018.11.24"]
[EventType "team-tourn"]
[EventCountry "ROU"]
[SourceTitle "playchess.com"]
[Source "ChessBase"]
[SourceQuality "1"]
[TimeControl "40/5400+30:1800+30"]

1. d4 d5 2. c4 c6 3. Nf3 Nf6 4. e3 e6 5. Nbd2 Nbd7 6. Bd3 Bd6 7. e4 dxe4 8. Nxe4 Bb4+ 9. Bd2 Bxd2+ 10. Qxd2 Nxe4 11. Bxe4 Nf6 12. Bc2 O-O 13. O-O b6 14. Ne5 c5 15. Rad1 Qxd4 16. Qxd4 cxd4 17. Rxd4 Bb7 18. Rfd1 g6 19. g4 Rac8 20. g5 Nh5 21. Nd7 Rfe8 22. f4 Kg7 23. Ne5 Re7 24. Rd7 Rc7 25. Rxe7 Rxe7 26. Rd4 f6 27. gxf6+ Nxf6 28. b4 Rc7 29. Kf2 Nd5 30. a3 Ne7 31. Bd3 Bc8 32. Be4 Nf5 33. Rd8 Ba6 34. b5 Bb7 35. Bxb7 Rxb7 36. Nc6 Rc7 37. Ke2 Ne7 38. Ne5 g5 39. Rd4 gxf4 40. Rxf4 Ng6 41. Rg4 Kf6 42. Nc6 Ne5 43. Nxe5 Kxe5 44. Ke3 Kd6 45. h4 Rf7 46. Rg8 e5 47. Rd8+ Ke6 48. a4 Rf4 49. Re8+ Kd6 50. Kd3 Rxh4 51. Ra8 Kc5 52. Rxa7 Rd4+ 53. Ke3 Rxc4 54. Rxh7 Rxa4 55. Re7 Ra3+ 56. Ke4 Kxb5 57. Rxe5+ Kc4 58. Re8 Rc3 59. Rc8+ Kb4 60. Rb8 b5 61. Kd4 Rc4+ 62. Kd3 Rc5 63. Kd4 Rh5 64. Kd3 Kb3 65. Kd2 Rc5 66. Rb7 b4 67. Rb6 Ka3 68. Ra6+ Kb2 69. Rb6 Rd5+ 70. Ke3 b3 71. Ke4 Rd8 72. Ke3 Kc2 73. Rb7 Rc8 74. Rd7 b2 0-1

[Event "ROU-chT Women Superliga 2018"]
[Site "Sovata"]
[Date "2018.11.25"]
[Round "1"]
[White "Popa, Catalina-Elena"]
[Black "Ciungan, Diana-Alexandra"]
[Result "0-1"]
[ECO "A45"]
[WhiteElo "1746"]
[BlackElo "1863"]
[Annotator "NA"]
[PlyCount "64"]
[EventDate "2018.11.24"]
[EventType "team-tourn"]
[EventCountry "ROU"]
[SourceTitle "playchess.com"]
[Source "ChessBase"]
[SourceQuality "1"]
[TimeControl "40/5400+30:1800+30"]

1. d4 Nf6 2. Bf4 e6 3. e3 d5 4. Nd2 c5 5. c3 Nc6 6. Ngf3 cxd4 7. exd4 Nh5 8. Bg5 f6 9. Be3 g6 10. Bd3 Qc7 11. O-O f5 12. Nb3 Bg7 13. Re1 O-O 14. Bf1 b6 15. Nc1 f4 16. Bd2 e5 17. dxe5 Nxe5 18. Nxe5 Bxe5 19. Nd3 Bd6 20. Qb3 Bb7 21. Nb4 Qf7 22. Be2 Nf6 23. Bf3 g5 24. h3 Ne4 25. Rad1 Bc5 26. Nd3 Bd6 27. Qa4 Rfe8 28. Qd4 Bf8 29. Bxe4 dxe4 30. Ne5 Qe6 31. Nc4 Rad8 32. Qe5 Qxe5 0-1

[Event "ROU-chT Women Superliga 2018"]
[Site "Sovata"]
[Date "2018.11.25"]
[Round "1"]
[White "Patru, Alexandra-Ioana"]
[Black "Matasaru, Stephanie"]
[Result "1/2-1/2"]
[ECO "E69"]
[WhiteElo "1631"]
[BlackElo "1859"]
[Annotator "NA"]
[PlyCount "125"]
[EventDate "2018.11.24"]
[EventType "team-tourn"]
[EventCountry "ROU"]
[SourceTitle "playchess.com"]
[Source "ChessBase"]
[SourceQuality "1"]
[TimeControl "40/5400+30:1800+30"]

1. d4 Nf6 2. Nf3 g6 3. c4 Bg7 4. g3 O-O 5. Bg2 d6 6. O-O Nbd7 7. Nc3 e5 8. e4 c6 9. h3 Qa5 10. Re1 exd4 11. Nxd4 Ne5 12. Bf1 Re8 13. f4 Ned7 14. Kh2 Qh5 15. Nf3 Nc5 16. e5 dxe5 17. Nxe5 Qxd1 18. Rxd1 Bf5 19. Be3 Ncd7 20. Bd4 c5 21. Nxd7 cxd4 22. Nxf6+ Bxf6 23. Nd5 Bd8 24. Rxd4 Kg7 25. g4 Be6 26. Re1 Ba5 27. b4 Bxd5 28. Rxe8 Rxe8 29. cxd5 Bb6 30. Rc4 Re1 31. Bg2 Ra1 32. Rc2 Rb1 33. Rc4 Rd1 34. a4 h5 35. Kg3 h4+ 36. Kf3 Rd2 37. a5 Bg1 38. Bh1 Rxd5 39. Ke2 Rd7 40. Rc1 Bd4 41. Rd1 Re7+ 42. Kd3 Bf2 43. Kc4 Rc7+ 44. Kb3 Be3 45. Rf1 Rd7 46. f5 b6 47. axb6 axb6 48. fxg6 fxg6 49. Bc6 Rd6 50. Bb5 Bg5 51. Re1 Rf6 52. Re7+ Kh6 53. Be2 Rd6 54. Re4 Rc6 55. Bc4 Rf6 56. Be2 Bd2 57. g5+ Bxg5 58. Bg4 Rd6 59. Kc4 Rf6 60. Kb5 Bd2 61. Kc4 Rf4 62. Rxf4 Bxf4 63. b5 1/2-1/2

[Event "ROU-chT Women Superliga 2018"]
[Site "Sovata"]
[Date "2018.11.26"]
[Round "2"]
[White "Sgircea, Silvia-Raluca"]
[Black "Bucur, Denisa-Andreea"]
[Result "1-0"]
[ECO "A22"]
[WhiteElo "2259"]
[BlackElo "2012"]
[Annotator "NA"]
[PlyCount "111"]
[EventDate "2018.11.24"]
[EventType "team-tourn"]
[EventCountry "ROU"]
[SourceTitle "playchess.com"]
[Source "ChessBase"]
[SourceQuality "1"]
[TimeControl "40/5400+30:1800+30"]

1. c4 e5 2. Nc3 Nf6 3. g3 c6 4. Nf3 e4 5. Nd4 Qb6 6. Nc2 {[%emt 0:05:32] A23: English Opening: 1...e5 2 Nc3 Nf6 3 g3 c6} Bc5 (6... d5 7. Bg2 dxc4 8. O-O Be6 9. Nxe4 Nxe4 10. Bxe4 Nd7 11. Bg2 h5 12. d4 cxd3 13. Qxd3 O-O-O {1-0 (51) Jobava,B (2713)-Mastrovasilis,D (2580) Minsk 2017 CBM 179 [Moradiabadi,E]}) 7. Ne3 Bxe3 (7... O-O $11) 8. dxe3 O-O 9. Bg2 Re8 10. O-O Qc5 $146 ({Predecessor:} 10... Qb4 11. Qd4 d5 12. cxd5 Qxd4 13. exd4 cxd5 {1-0 (44) Kalinin,A-Popkov,E USSR 1989}) 11. Qb3 Na6 12. Bd2 Nc7 13. Rac1 Qh5 14. Qc2 Qg6 15. Rfd1 d5 16. cxd5 Ncxd5 17. Nxd5 Nxd5 18. b4 Bf5 19. b5 Rac8 20. Qa4 cxb5 21. Qxb5 Nb6 22. Ba5 Bd7 23. Qb4 Rxc1 24. Rxc1 Bc6 25. Bxb6 axb6 26. Qxb6 Qh5 27. Qd4 h6 28. Rc2 Qa5 29. Qd2 Qb5 30. Bh3 Ra8 31. Rb2 Qe5 32. Kg2 Qe7 33. Qc3 Rd8 34. Rd2 Ra8 35. Qb3 Ra3 36. Qd1 Ra8 37. Bd7 Bxd7 38. Rxd7 Qe6 39. Rd8+ ({Better is} 39. a4) 39... Rxd8 40. Qxd8+ Kh7 41. a4 Qc4 42. Qd4 Qc2 43. a5 Qc6 44. g4 Qe6 45. Kg3 f5 46. h3 fxg4 47. hxg4 h5 (47... Qe7 {might work better.} 48. Qd5 Qc7+ 49. Kg2 Qe7) 48. f3 exf3 49. exf3 Qa6 50. Qe4+ Kh6 51. Qf4+ Kh7 52. Qf5+ $18 Kg8 53. Qd5+ Kf8 54. gxh5 Qf1 55. Kf4 Qh3 56. Qf5+ 1-0

[Event "ROU-chT Women Superliga 2018"]
[Site "Sovata"]
[Date "2018.11.26"]
[Round "2"]
[White "Lehaci, Miruna-Daria"]
[Black "Stanciu, Andreea-Briana"]
[Result "0-1"]
[ECO "C77"]
[WhiteElo "2067"]
[BlackElo "1953"]
[Annotator "NA"]
[PlyCount "140"]
[EventDate "2018.11.24"]
[EventType "team-tourn"]
[EventCountry "ROU"]
[SourceTitle "playchess.com"]
[Source "ChessBase"]
[SourceQuality "1"]
[TimeControl "40/5400+30:1800+30"]

1. e4 e5 2. Nf3 Nc6 3. Bb5 a6 4. Ba4 Nf6 5. d3 {[%emt 0:00:00] LiveBook: 3557 Games} d6 6. c4 g6 7. Nc3 Bg7 8. h3 O-O 9. O-O h6 {[%emt 0:00:58] C77: Ruy Lopez: 3...a6 4 Ba4 Nf6, unusual lines} 10. Be3 Bd7 11. Nd5 Nxd5 $146 ({Predecessor:} 11... Nh5 12. Nh2 {½-½ (12) Apicella,M (2553)-Kosten,A (2522) Chartres 2005}) 12. cxd5 Ne7 13. Bxd7 Qxd7 14. d4 f5 15. dxe5 dxe5 16. Bc5 Kh7 17. d6 cxd6 18. Qxd6 Qxd6 19. Bxd6 Rfe8 20. Rfe1 Nc6 21. Rac1 Rad8 22. Bc5 Rd7 23. a4 a5 24. Bb6 Bf6 25. Red1 Ree7 26. Rxd7 Rxd7 27. Re1 Kg7 28. Kf1 Kf7 29. Re3 Ke6 30. Ne1 Bg5 31. Rg3 fxe4 32. Bc5 Kf5 33. Rb3 h5 34. g3 Ke6 35. h4 Bd8 36. Nc2 b6 37. Be3 Rd3 38. Rc3 Kd5 39. Ke2 Rxc3 40. bxc3 Kc4 41. Kd2 Kb3 42. Na1+ Kxa4 43. Kc2 Kb5 44. Nb3 Kc4 45. Nd2+ {[%emt 0:00:55] [#]} Kd5 $1 46. c4+ Ke6 47. Nxe4 Bc7 48. Nc3 Nb4+ 49. Kb3 Kd7 50. Ne4 Bd8 51. f3 Nc6 52. Kc3 Kc7 53. Kd3 Nb4+ 54. Kc3 Be7 55. Ng5 Nc6 56. g4 $2 {[%emt 0:01:49] [#]} (56. f4) 56... Nd4 $1 57. gxh5 gxh5 58. Kd3 Nf5 59. Bf2 Bxg5 60. hxg5 h4 61. Ke4 {[%emt 0:00:41] [#]} h3 $1 62. Bg1 Nh4 63. Bh2 Kd6 64. Bxe5+ Ke6 65. Bh2 a4 66. g6 a3 67. g7 Kf7 68. Kf4 a2 69. Kg4 Ng6 70. Kg5 Kxg7 {[%emt 0:00:11] Kh4 [%clk 0:01:20]} 0-1

[Event "ROU-chT Women Superliga 2018"]
[Site "Sovata"]
[Date "2018.11.26"]
[Round "2"]
[White "Marin, Irina-Luiza"]
[Black "Rendi, Eva"]
[Result "1/2-1/2"]
[ECO "A13"]
[WhiteElo "2032"]
[BlackElo "2015"]
[Annotator "NA"]
[PlyCount "88"]
[EventDate "2018.11.24"]
[EventType "team-tourn"]
[EventCountry "ROU"]
[SourceTitle "playchess.com"]
[Source "ChessBase"]
[SourceQuality "1"]
[TimeControl "40/5400+30:1800+30"]

1. c4 e6 2. Nf3 d5 3. b3 Nf6 4. g3 Be7 5. Bg2 O-O 6. O-O c5 7. Bb2 Nc6 8. e3 d4 9. exd4 cxd4 10. Re1 Re8 11. Ne5 Nxe5 12. Rxe5 Nd7 13. Re1 Nc5 $11 ({Black should play} 13... e5 $15) 14. d3 a5 15. Qf3 Bf6 16. Nd2 Bd7 17. Ne4 Nxe4 18. Qxe4 Bc6 19. Qe2 Qb6 20. Rab1 e5 21. h4 Bxg2 22. Kxg2 Re6 23. Qe4 Rae8 24. Ba3 Be7 25. Bxe7 R6xe7 26. a3 Qe6 27. g4 g6 28. g5 f5 29. gxf6 Qxf6 30. b4 a4 31. b5 g5 32. Qg4 Rg7 33. h5 Qd6 34. Rb4 Rf8 35. Rxa4 Rgf7 36. Re2 Qh6 37. Ra7 Rf4 38. Qh3 Qf6 39. Qg3 Rf3 40. Qxe5 Rxf2+ 41. Kg1 Rf1+ 42. Kh2 Rf2+ 43. Kg1 Rf1+ 44. Kh2 Rf2+ 1/2-1/2

[Event "ROU-chT Women Superliga 2018"]
[Site "Sovata"]
[Date "2018.11.26"]
[Round "2"]
[White "Aciu, Malina-Andreea"]
[Black "Patru, Alexandra-Ioana"]
[Result "1/2-1/2"]
[ECO "C88"]
[WhiteElo "1976"]
[BlackElo "1631"]
[Annotator "NA"]
[PlyCount "100"]
[EventDate "2018.11.24"]
[EventType "team-tourn"]
[EventCountry "ROU"]
[SourceTitle "playchess.com"]
[Source "ChessBase"]
[SourceQuality "1"]
[TimeControl "40/5400+30:1800+30"]

1. e4 e5 2. Nf3 Nc6 3. Bb5 a6 4. Ba4 Nf6 5. O-O Be7 6. Re1 b5 7. Bb3 O-O 8. a4 Bb7 9. d3 d6 10. Nbd2 h6 11. Nf1 Re8 12. Bd2 Bf8 13. Ne3 g6 14. c4 bxc4 15. Bxc4 Qd7 16. b4 $11 Reb8 17. Bc3 Bg7 18. Qb3 Nd8 19. Qa2 c6 20. Rad1 Qc7 21. Nc2 Nd7 22. Bd2 c5 23. Rb1 cxb4 24. Nxb4 Nc5 25. Be3 a5 26. Bxc5 Qxc5 27. Nd5 Bxd5 28. Bxd5 Rxb1 29. Rxb1 Rc8 30. g3 Bf6 31. Bc4 Qc7 32. Kg2 Rb8 33. Rc1 Qb7 34. Bb5 Rc8 35. Rb1 Qc7 36. Bc4 Kg7 37. Qb3 Nc6 38. Rc1 Nb4 39. Rb1 Rb8 40. Ne1 Nc6 41. Qa2 Rxb1 42. Qxb1 Nb4 43. Nc2 Nxc2 44. Qxc2 Bd8 45. Qb3 Qa7 46. h4 Bb6 47. Qa2 h5 48. Qe2 Qe7 49. Qf3 Qf6 50. Qxf6+ Kxf6 1/2-1/2

[Event "ROU-chT Women Superliga 2018"]
[Site "Sovata"]
[Date "2018.11.26"]
[Round "2"]
[White "Ciolacu, Alessia-Mihaela"]
[Black "Firaru, Roxana-Maria"]
[Result "1-0"]
[ECO "A46"]
[WhiteElo "1972"]
[BlackElo "1943"]
[Annotator "NA"]
[PlyCount "123"]
[EventDate "2018.11.24"]
[EventType "team-tourn"]
[EventCountry "ROU"]
[SourceTitle "playchess.com"]
[Source "ChessBase"]
[SourceQuality "1"]
[TimeControl "40/5400+30:1800+30"]

1. d4 Nf6 2. Nf3 e6 3. Bg5 d5 4. e3 Nbd7 5. c4 Bb4+ 6. Nc3 O-O 7. Qc2 {[%emt 0:02:47] D38: Queen's Gambit Declined: Ragozin Defence (4 Nf3 Bb4)} (7. Rc1 c6 8. a3 Be7 9. h3 h6 10. Bf4 dxc4 11. Bxc4 b5 12. Bd3 Bb7 13. O-O Qb6 14. Qe2 a6 {½-½ (51) Goganov,A (2627)-Kravtsiv,M (2631) Riga 2016}) 7... h6 8. Bh4 Re8 9. a3 Bxc3+ 10. Qxc3 a5 $146 ({Predecessor:} 10... b6 11. cxd5 exd5 12. Bd3 c5 13. O-O Bb7 14. Rac1 Rc8 15. Qd2 Qe7 {½-½ (53) Hoshino,K (1726)-Yoshioka,A (1601) Sao Paulo 2014}) 11. c5 c6 12. Bd3 Qe7 13. b4 axb4 14. axb4 Rxa1+ 15. Qxa1 e5 16. dxe5 Nxe5 17. Nxe5 Qxe5 18. Qxe5 Rxe5 19. Bxf6 gxf6 20. Kd2 Kf8 21. Ra1 Re8 22. Ra8 Be6 23. Rxe8+ Kxe8 24. Ke2 Kd8 25. Kf3 Ke7 26. Kf4 Kf8 27. g4 Kg7 28. Bf5 Kf8 29. Bd3 Kg8 30. Kg3 Bd7 31. Kh4 Bc8 32. Kh5 Kg7 33. f3 Bd7 34. Bc2 Bc8 35. e4 dxe4 36. Bxe4 Be6 37. Kh4 Kf8 38. Kg3 Ke7 39. f4 Kf8 40. Kf3 Ke7 $1 $11 41. Kg3 Kf8 42. Kh4 Kg8 43. Kh5 Kg7 44. Bd3 Bb3 45. Bf5 Be6 $2 (45... Bc4 $16) 46. Be4 Bc4 47. Kh4 Kf8 48. Kg3 Ke7 49. Kf3 Kf8 50. Ke3 Ke7 51. h4 Be6 52. Bf3 Bc4 53. Kd4 Ba6 54. Be4 Ke6 $2 (54... Be2 $16) 55. Bf5+ Ke7 56. Bd3 Ke6 57. Bxa6 bxa6 58. Ke4 $11 (58. Kd3 $18 Ke7 59. h5) 58... Kd7 59. Kf5 Ke7 60. h5 Ke8 61. Kxf6 Kf8 62. g5 1-0